[Event "Titled Tuesday Blitz March 21 Early 2023"]
[White "Tari, Aryan"]
[Black "Mekhitarian, Krikor Sevag"]
[WhiteFideId "1510045"]
[BlackFideId "2107660"]
[WhiteElo "2583"]
[BlackElo "2604"]
[Result "0-1"]
[Round "08"]
[TimeControl "180+2"]
[Date "2023.03.21"]
[WhiteClock "0:00:02"]
[BlackClock "0:00:12"]

1. Nf3 d5 2. d4 Nf6 3. Bf4 c5 4. e3 e6 5. c3 Nc6 6. Nbd2 Nh5 7. Bg5 Qb6 8. Rb1 h6 9. Bh4 g5 10. Bg3 Nxg3 11. hxg3 Bg7 12. Bd3 g4 13. dxc5 Qxc5 14. Nd4 h5 15. Qe2 Bd7 16. b4 Qxc3 17. Nxc6 Qxc6 18. O-O f5 19. Rfc1 Qd6 20. Bb5 O-O 21. Bxd7 Qxd7 22. Nb3 Rac8 23. Nc5 Qe7 24. Qb5 b6 25. Nd3 Qd6 26. Nf4 h4 27. gxh4 g3 28. fxg3 Qe5 29. Kh2 Qd6 30. Qa6 Qd7 31. b5 Rfe8 32. Qa4 Be5 33. Qd1 Rc5 34. Nd3 Rxc1 35. Rxc1 Bb8 36. Qh5 Qf7 37. Qxf7+ Kxf7 38. a4 Rd8 39. Nf4 d4 40. Rd1 e5 41. Ne2 d3 42. Nc1 e4 43. Nb3 Be5 44. Kh3 Rc8 45. g4 fxg4+ 46. Kxg4 Ke6 47. Kh5 Rh8+ 48. Kg4 Rg8+ 49. Kh3 Rg3+ 50. Kh2 Rxe3+ 51. Kg1 Re2 52. Nd2 Bf4 53. Nf1 d2 54. g3 Re1 0-1


[Site "https://www.chess.com"]

[Event "Titled Tuesday Blitz March 21 Early 2023"]
[White "Gukesh D"]
[Black "Praggnanandhaa R"]
[WhiteFideId "46616543"]
[BlackFideId "25059530"]
[WhiteElo "2612"]
[BlackElo "2623"]
[Result "1-0"]
[Round "08"]
[TimeControl "180+2"]
[Date "2023.03.21"]
[WhiteClock "0:00:26"]
[BlackClock "0:00:03"]

1. d4 Nf6 2. c4 Nc6 3. Nf3 e6 4. g3 Bb4+ 5. Nbd2 d6 6. Bg2 O-O 7. O-O e5 8. d5 Bxd2 9. Nxd2 Nb8 10. e4 a5 11. b3 Na6 12. a3 Bg4 13. Qc2 Qd7 14. Bb2 Bh3 15. Rae1 Bxg2 16. Kxg2 Qe7 17. f4 Nd7 18. Nf3 f6 19. Kh1 Rab8 20. Bc3 Rfc8 21. Bxa5 c6 22. Qd1 Kh8 23. Rf2 b5 24. dxc6 Rxc6 25. cxb5 Rxb5 26. b4 Rb8 27. Rd2 exf4 28. gxf4 Rbc8 29. Qe2 Rc4 30. b5 Nab8 31. Bb4 Qe8 32. Bxd6 h6 33. e5 fxe5 34. fxe5 Nb6 35. e6 Qxb5 36. e7 Qe8 37. Ne5 Rc1 38. Bxb8 Rxe1+ 39. Qxe1 Nc4 40. Rd8 1-0


[Site "https://www.chess.com"]

[Event "Titled Tuesday Blitz March 21 Early 2023"]
[White "Real_OceanStorm"]
[Black "Grigoriants, Sergey"]
[BlackFideId "4130804"]
[WhiteElo "2821"]
[BlackElo "2502"]
[Result "0-1"]
[Round "08"]
[TimeControl "180+2"]
[Date "2023.03.21"]
[WhiteClock "0:00:09"]
[BlackClock "0:00:07"]

1. e4 c6 2. d4 d5 3. e5 Bf5 4. Be2 e6 5. Nc3 a6 6. g4 Bg6 7. h4 h6 8. Nf3 c5 9. Bd3 Bxd3 10. cxd3 Nc6 11. dxc5 Bxc5 12. d4 Ba7 13. a3 Nge7 14. h5 Qd7 15. Be3 O-O-O 16. Qd2 Kb8 17. b4 Rc8 18. Rb1 f5 19. b5 fxg4 20. bxa6 Na5 21. Nh2 Qc6 22. axb7 Rc7 23. Na2 Nc4 24. Qd3 g3 25. Nb4 Qa4 26. fxg3 Rxb7 27. O-O Nf5 28. Bf2 Rc8 29. g4 Ne7 30. Bh4 Nc6 31. Nxc6+ Qxc6 32. Bg3 Rxb1 33. Rxb1+ Ka8 34. Nf3 Rf8 35. Kg2 Qa4 36. Rb3 Qc6 37. Qc3 Qd7 38. Rb4 Qf7 39. Nd2 Rc8 40. Nxc4 dxc4 41. Rxc4 Qb7+ 42. Kh2 Rb8 43. Bf2 Rf8 44. Kh3 Rf3+ 45. Kh2 Rxc3 46. Rxc3 Qb2 47. Rf3 Bxd4 48. Kg3 Bxf2+ 49. Rxf2 Qxe5+ 50. Kf3 Kb7 51. Re2 Qd5+ 52. Kf2 e5 53. Rb2+ Kc6 54. Kg3 Qd3+ 55. Kh2 e4 56. g5 e3 57. gxh6 gxh6 58. Ra2 e2 59. Ra1 Qc3 60. Rb1 e1=Q 0-1


[Site "https://www.chess.com"]

[Event "Titled Tuesday Blitz March 21 Early 2023"]
[White "Moroni, Luca Jr"]
[Black "Hayrapetyan, Hovik"]
[WhiteFideId "865834"]
[BlackFideId "13302639"]
[WhiteElo "2569"]
[BlackElo "2348"]
[Result "1/2-1/2"]
[Round "08"]
[TimeControl "180+2"]
[Date "2023.03.21"]
[WhiteClock "0:00:10"]
[BlackClock "0:00:08"]

1. d4 Nf6 2. Bf4 d5 3. e3 c5 4. dxc5 Nc6 5. Bb5 Qa5+ 6. Nc3 a6 7. Bxc6+ bxc6 8. Qd4 Nd7 9. b4 Qd8 10. e4 e6 11. Nf3 a5 12. exd5 axb4 13. dxc6 bxc3 14. cxd7+ Qxd7 15. Qxc3 Qb5 16. Bd6 Bxd6 17. cxd6 Ba6 18. Kd2 O-O 19. Rab1 Qe2+ 20. Kc1 Qxf2 21. Qd2 Qc5 22. Rd1 Qa3+ 23. Rb2 Rab8 24. Qd4 Rfd8 25. Kb1 Bc4 26. Ka1 Bd5 27. Ne5 Rxb2 28. Qxb2 Qa4 29. d7 f6 30. Nd3 Qxd7 31. Nb4 Rb8 32. Qc3 Qb5 33. Nxd5 exd5 34. Qb3 Qxb3 35. axb3 Rb5 36. Kb2 Kf7 37. Kc3 Ke6 38. Ra1 Ke5 39. Ra7 Rc5+ 40. Kd2 g5 41. Rxh7 Ra5 42. Re7+ Kd6 43. Re2 Ra1 44. Kc3 g4 45. g3 f5 46. Rd2 Kc5 47. b4+ Kd6 48. Kd4 Re1 49. c3 Re4+ 50. Kd3 f4 51. gxf4 Rxf4 52. Rg2 Kc6 53. Rg3 Kb5 54. h3 gxh3 55. Rxh3 Rg4 56. Rf3 Rh4 57. Rg3 Rf4 58. Rg5 Kc6 59. Kc2 Rc4 60. Kb3 Rh4 61. Rg2 Rh3 62. Rg4 Rd3 63. Rd4 Rh3 64. Kc2 Rg3 65. Rd3 Rg4 66. Rf3 Rg2+ 67. Kd3 Rg4 68. Rf6+ Kc7 69. Rf5 Kd6 70. Rf6+ Kd7 71. Rh6 Kc7 72. Rh5 Kc6 73. Rh3 Rf4 74. Ke3 Rc4 75. Kd2 Rg4 76. Kc2 Kb5 77. Kb3 Kc6 78. Rh6+ Kc7 79. Rf6 Rg3 80. Rf4 Kc6 81. Rd4 Rh3 82. Rg4 Rf3 83. Rg6+ Kc7 84. b5 Rf4 85. Rc6+ Kd7 86. Rc5 Kd6 87. Rc6+ Kd7 88. Rh6 Kc7 89. Kc2 Rg4 90. Kd3 Rf4 91. Rc6+ Kd7 92. Kd2 Rg4 93. Kc2 Rh4 94. Kb3 Rg4 95. c4 dxc4+ 96. Rxc4 Rxc4 97. Kxc4 Kc7 98. Kc5 Kb7 99. b6 Kb8 100. Kc6 Kc8 101. b7+ Kb8 102. Kb6 1/2-1/2


[Site "https://www.chess.com"]

[Event "Titled Tuesday Blitz March 21 Early 2023"]
[White "Fier, Alexandr"]
[Black "Durarbayli, Vasif"]
[WhiteFideId "2107139"]
[BlackFideId "13402935"]
[WhiteElo "2610"]
[BlackElo "2543"]
[Result "0-1"]
[Round "08"]
[TimeControl "180+2"]
[Date "2023.03.21"]
[WhiteClock "0:00:04"]
[BlackClock "0:00:08"]

1. d4 d5 2. c4 c6 3. Nf3 Nf6 4. Nc3 e6 5. Bg5 h6 6. Bh4 dxc4 7. e4 g5 8. Bg3 b5 9. Be2 Bb7 10. e5 Nd5 11. O-O Nd7 12. Nd2 Qb6 13. Nde4 O-O-O 14. a4 a6 15. Bh5 c5 16. axb5 axb5 17. Bxf7 cxd4 18. Nxb5 Qxb5 19. Bxe6 Qc6 20. Bf5 Be7 21. Rc1 Rhf8 22. Bh3 Nb6 23. Nf6 Bxf6 24. exf6 Rxf6 25. Qxd4 h5 26. f3 h4 27. Bf2 Rf4 28. Qg7 Qf6 29. Qh7 Kb8 30. Rfd1 Rh8 31. Qc2 Ne5 32. Bc5 Nd5 33. Qa4 g4 34. Qa7+ Kc8 35. fxg4 Qc6 36. g5+ Ng4 37. Bd4 Re8 38. Re1 Rxe1+ 39. Rxe1 Nc7 40. Be3 Re4 41. Bf2 Rxe1+ 42. Bxe1 Qe4 43. Qa5 Kb8 44. Qd2 Ne6 45. Bf2 Nxf2 46. Qxf2 Nf4 47. Bg4 Nd3 48. Qf8+ Ka7 49. Qa3+ Kb8 50. Qf8+ Ka7 51. Qa3+ Kb6 52. Qd6+ Bc6 53. Qb8+ Kc5 54. Qa7+ Kd6 55. Qb8+ Kc5 56. Qa7+ Kb5 57. Qb8+ Ka4 58. Qa7+ Kb3 59. Qb6+ Kc2 60. Bf3 Qe1# 0-1


[Site "https://www.chess.com"]

[Event "Titled Tuesday Blitz March 21 Early 2023"]
[White "Flores, Diego"]
[Black "Ibarra Jerez, Jose Carlos"]
[WhiteFideId "108049"]
[BlackFideId "2226332"]
[WhiteElo "2606"]
[BlackElo "2638"]
[Result "1-0"]
[Round "08"]
[TimeControl "180+2"]
[Date "2023.03.21"]
[WhiteClock "0:00:06"]
[BlackClock "0:00:01"]

1. c4 e5 2. Nc3 Nf6 3. Nf3 e4 4. Ng5 c6 5. Qa4 Qe7 6. Qc2 b5 7. cxb5 d5 8. d3 h6 9. Nh3 g5 10. e3 Bg7 11. dxe4 O-O 12. exd5 cxd5 13. Be2 Bxh3 14. gxh3 Nbd7 15. Qf5 Rac8 16. O-O d4 17. Nd5 Nxd5 18. Qxd5 Rc2 19. Bd3 Nf6 20. Qf3 Rcc8 21. exd4 Rfd8 22. Be3 Qb4 23. Rac1 Qxb2 24. Rc6 Rxc6 25. bxc6 Qc3 26. Qf5 Qb2 27. c7 Rf8 28. c8=Q Qb6 29. Qc2 Qd6 30. Bc4 Rd8 31. Re1 Qb4 32. Qg6 Qxe1+ 33. Kg2 1-0


[Site "https://www.chess.com"]

[Event "Titled Tuesday Blitz March 21 Early 2023"]
[White "Molina, Roberto Junio Brito"]
[Black "Chigaev, Maksim"]
[WhiteFideId "2109450"]
[BlackFideId "4108116"]
[WhiteElo "2376"]
[BlackElo "2547"]
[Result "0-1"]
[Round "08"]
[TimeControl "180+2"]
[Date "2023.03.21"]
[WhiteClock "0:00:01"]
[BlackClock "0:00:10"]

1. d4 Nf6 2. c4 e6 3. Nf3 d5 4. Nc3 c6 5. Bg5 h6 6. Bh4 dxc4 7. e4 g5 8. Bg3 b5 9. Be2 Bg7 10. O-O Bb7 11. Qc2 Nbd7 12. Rad1 O-O 13. h4 g4 14. Ne5 h5 15. f4 Qe7 16. f5 exf5 17. Rxf5 b4 18. Na4 c5 19. d5 b3 20. Qxc4 bxa2 21. Qxa2 Nxe4 22. d6 Nxd6 23. Rg5 Rad8 24. Bd3 c4 25. Nxc4 Ne4 26. Bxe4 Qxe4 27. Rd2 Nf6 28. b3 Nh7 29. Rxh5 Qg6 30. Rb5 Bc6 31. Ra5 Rxd2 32. Qxd2 Qb1+ 33. Kh2 Qxb3 34. Ne5 Bxa4 35. Nxg4 Bb5 36. Rxa7 Qe6 37. Qf4 Bd7 38. Ne3 Nf6 39. Qf3 Bc6 0-1


[Site "https://www.chess.com"]

[Event "Titled Tuesday Blitz March 21 Early 2023"]
[White "Yuan, Qingyu"]
[Black "Costachi, Mihnea"]
[WhiteFideId "8609772"]
[BlackFideId "1217518"]
[WhiteElo "2359"]
[BlackElo "2456"]
[Result "1-0"]
[Round "08"]
[TimeControl "180+2"]
[Date "2023.03.21"]
[WhiteClock "0:00:09"]
[BlackClock "0:00:25"]

1. e4 e5 2. Nf3 Nf6 3. Nxe5 d6 4. Nf3 Nxe4 5. d4 d5 6. Bd3 Be7 7. O-O O-O 8. Re1 Bf5 9. Nbd2 Nxd2 10. Qxd2 Bxd3 11. Qxd3 Nc6 12. Qb5 Rb8 13. Bf4 Bd6 14. Bxd6 Qxd6 15. c3 a6 16. Qd3 Rfe8 17. g3 h6 18. Kg2 Qf6 19. h4 g6 20. Rad1 Kg7 21. Qc2 b5 22. Qb3 Qd6 23. Qc2 Qf6 24. Qb3 Qd6 25. Qc2 a5 26. Qd3 b4 27. c4 dxc4 28. Qxc4 Ne7 29. Re5 Nf5 30. Rxa5 Qf6 31. Re5 Red8 32. Rde1 Rd7 33. R1e4 Rbd8 34. Rf4 Qb6 35. h5 Nd6 36. Qc5 g5 37. Rg4 Qxc5 38. dxc5 f6 39. Rd5 Nb5 40. Rxd7+ Rxd7 41. Rxb4 c6 42. a4 Na7 43. Nd4 Kf8 44. Nf5 Rd5 45. Rb8+ Kf7 46. Rb7+ Ke6 47. Ng7+ Ke5 48. Rxa7 Rxc5 49. g4 Rc2 50. Nf5 Kf4 51. Nxh6 Rxb2 52. Rf7 Ke5 53. Re7+ Kd6 54. Nf5+ Kd5 55. h6 Rb4 56. f3 Rb2+ 57. Kg3 Rb1 58. Kg2 Rb2+ 59. Kg1 Rb1+ 60. Kf2 Rb2+ 61. Re2 Rb1 62. Re1 Rb2+ 63. Kg3 Rb7 64. Rh1 Rh7 65. Rd1+ Kc4 66. Rc1+ Kd5 67. a5 c5 68. a6 c4 69. Rd1+ Kc5 70. Ra1 Ra7 71. h7 Rxh7 72. a7 c3 73. a8=Q Rc7 74. Qa5+ Kc6 75. Qxc3+ Kd7 76. Rd1+ Kc8 77. Qxf6 Kb7 78. Rb1+ Kc8 79. Qf8+ Kd7 80. Qe7+ Kc6 81. Qd6# 1-0


[Site "https://www.chess.com"]

[Event "Titled Tuesday Blitz March 21 Early 2023"]
[White "Kosteniuk, Alexandra"]
[Black "Kravtsiv, Martyn"]
[WhiteFideId "4128125"]
[BlackFideId "14113147"]
[WhiteElo "2453"]
[BlackElo "2695"]
[Result "1-0"]
[Round "08"]
[TimeControl "180+2"]
[Date "2023.03.21"]
[WhiteClock "0:00:07"]
[BlackClock "0:00:02"]

1. e4 e5 2. Nf3 Nc6 3. Bc4 Be7 4. d4 d6 5. Nc3 Bg4 6. dxe5 Nxe5 7. Be2 Bxf3 8. Bxf3 Nf6 9. Be2 O-O 10. O-O Re8 11. f4 Ng6 12. g3 Bf8 13. Bf3 Rb8 14. b3 b5 15. Bb2 b4 16. Nd5 Nxe4 17. Re1 f5 18. Qd4 c6 19. Nxb4 Qd7 20. Qc4+ d5 21. Qxc6 Qf7 22. a3 Bc5+ 23. Kh1 Bxb4 24. axb4 Rbc8 25. Qa6 Rxc2 26. Bd4 Rd2 27. Be3 Rb2 28. Qa3 Qf6 29. Rad1 Qc3 30. Qxa7 Nf2+ 31. Bxf2 Qxf3+ 32. Kg1 Ree2 33. Rxe2 Rxe2 34. Qa8+ Kf7 35. Qxd5+ Qxd5 36. Rxd5 Rb2 37. Rxf5+ Ke6 38. Rb5 Ne7 39. Re5+ Kd7 40. b5 Rxb3 41. b6 g6 42. Ra5 Nc6 43. Rd5+ Ke6 44. Rd1 Nb4 45. Kg2 Nd3 46. Bd4 Kd5 47. Be3 Ke4 48. Bg1 Rb2+ 49. Kh3 Rb3 50. Rd2 Nxf4+ 51. Kg4 Nd5 52. Re2+ Kd3 53. Re6 Rb5 54. h4 h5+ 55. Kh3 Rb1 56. Kg2 Rb2+ 57. Bf2 Kc4 58. Re4+ Kc3 59. Re6 Nb4 60. Rxg6 Nd3 61. Rf6 Kd2 62. Kf3 Kd1 63. Be3 Rb4 64. Rd6 Kc2 65. Bf4 Ne1+ 66. Kf2 Nd3+ 67. Ke3 Nc5 68. Rc6 Re4+ 69. Kf3 Rc4 70. Be3 Kd3 71. Rxc5 Rf4+ 72. Kxf4 1-0


[Site "https://www.chess.com"]

[Event "Titled Tuesday Blitz March 21 Early 2023"]
[White "Vogel, Roven"]
[Black "Weetik, Vjacheslav"]
[WhiteFideId "12908088"]
[BlackFideId "4153472"]
[WhiteElo "2518"]
[BlackElo "2469"]
[Result "1-0"]
[Round "08"]
[TimeControl "180+2"]
[Date "2023.03.21"]
[WhiteClock "0:00:36"]
[BlackClock "0:00:02"]

1. d4 Nf6 2. c4 e6 3. Nf3 d5 4. g3 Bb4+ 5. Bd2 a5 6. Bg2 dxc4 7. Qc1 Nc6 8. Qxc4 Qd5 9. b3 Ne4 10. e3 b6 11. O-O Ba6 12. Qxd5 exd5 13. Rc1 Kd7 14. a3 Bxd2 15. Nfxd2 Nxd2 16. Nxd2 Ne7 17. Rc3 a4 18. Rac1 c6 19. bxa4 Be2 20. Rb1 Rhb8 21. Rcb3 Rxa4 22. Rxb6 Rxb6 23. Rxb6 Rxa3 24. Rb7+ Kd6 25. Bf1 Ra1 26. Kg2 Rd1 27. Rb2 Bxf1+ 28. Nxf1 c5 29. dxc5+ Kxc5 30. Nd2 Nc6 31. Nf3 f6 32. h4 Kd6 33. Rb7 Ne7 34. Nd4 Rc1 35. Rb6+ Kd7 36. Ne6 Nf5 37. h5 Rc2 38. Kf3 Rc3 39. g4 Nd6 40. Nxg7 Ne4 41. Rb2 Rc1 42. Nf5 Rh1 43. Kg2 Rd1 44. Ng3 Ke6 45. Nxe4 dxe4 46. Rb7 h6 47. Rh7 1-0


[Site "https://www.chess.com"]

[Event "Titled Tuesday Blitz March 21 Early 2023"]
[White "Salimova, Nurgyul"]
[Black "Drygalov, Andrey"]
[WhiteFideId "2915138"]
[BlackFideId "24171735"]
[WhiteElo "2314"]
[BlackElo "2471"]
[Result "1/2-1/2"]
[Round "08"]
[TimeControl "180+2"]
[Date "2023.03.21"]
[WhiteClock "0:00:04"]
[BlackClock "0:00:03"]

1. d4 Nf6 2. Nf3 d5 3. c4 e6 4. g3 Bb4+ 5. Bd2 Be7 6. Bg2 O-O 7. O-O Nbd7 8. Nc3 c6 9. Bf4 dxc4 10. e4 Bb4 11. Nd2 b5 12. d5 cxd5 13. exd5 e5 14. Bg5 Rb8 15. a4 a6 16. axb5 axb5 17. Na2 Bc5 18. b3 cxb3 19. Nxb3 Bb6 20. Nb4 Bb7 21. Nc6 Qe8 22. Nxb8 Qxb8 23. Na5 Bd4 24. Rb1 Qa8 25. Nc6 h6 26. Bxf6 Nxf6 27. Nxd4 exd4 28. Qxd4 Bxd5 29. Bxd5 Qxd5 30. Qxd5 Nxd5 31. Rxb5 Nc3 32. Re5 Rd8 33. Rc1 Rd3 34. Re8+ Kh7 35. Re7 Kg6 36. Kg2 Nd5 37. Rc6+ Nf6 38. Ra7 Rd8 39. Rcc7 Rf8 40. h3 h5 41. Kf3 Nd5 42. Rc5 Nf6 43. g4 hxg4+ 44. hxg4 Rb8 45. Rc6 Rb3+ 46. Kg2 Rb4 47. f3 Rb8 48. Kg3 Rf8 49. Ra5 Kh7 50. g5 Nh5+ 51. Kg4 g6 52. Ra7 Kg8 53. Rcc7 Ng7 54. f4 Ne6 55. Re7 Nd4 56. Red7 Nf5 57. Rdc7 Nd4 58. Kg3 Nf5+ 59. Kf3 Nd4+ 60. Ke4 Nf5 61. Rd7 Re8+ 62. Kd5 Rf8 63. Rab7 Ne3+ 64. Ke4 Nf5 65. Kd5 Ne3+ 66. Kd4 Nf5+ 67. Kd3 Kg7 68. Ra7 Kg8 69. Rd5 Kg7 70. Rad7 Ra8 71. Rc7 Ra3+ 72. Kd2 Ra2+ 73. Ke1 Ra1+ 74. Kf2 Ra2+ 75. Kf3 Ra3+ 76. Ke2 Ra2+ 77. Kd3 Ra3+ 78. Rc3 Ra7 79. Re5 Rd7+ 80. Ke4 Rd4+ 81. Kf3 Rd1 82. Rc7 Nd4+ 83. Ke4 Nf5 84. Rxf5 Re1+ 85. Kf3 gxf5 86. Rc5 Kg6 87. Rc6+ Kg7 88. Rf6 Rf1+ 89. Kg3 Rg1+ 90. Kf2 Ra1 91. Rxf5 Ra3 92. Rf6 Rb3 93. Rc6 Ra3 94. Kg2 Rb3 95. Rd6 Rc3 96. Rf6 Rb3 97. Rd6 Rc3 98. f5 Rc5 99. g6 Rxf5 100. gxf7 Kxf7 101. Rd3 Rg5+ 1/2-1/2


[Site "https://www.chess.com"]

[Event "Titled Tuesday Blitz March 21 Early 2023"]
[White "Carlsen, Magnus"]
[Black "Tanenbaum, Zachary"]
[WhiteFideId "1503014"]
[BlackFideId "2060850"]
[WhiteElo "2852"]
[BlackElo "2175"]
[Result "1-0"]
[Round "08"]
[TimeControl "180+2"]
[Date "2023.03.21"]
[WhiteClock "0:00:51"]
[BlackClock "0:00:02"]

1. e4 e5 2. Nf3 Nc6 3. Bb5 a6 4. Ba4 d6 5. c3 Nf6 6. O-O Be7 7. d4 b5 8. Bb3 O-O 9. h3 Bb7 10. Nbd2 Nb8 11. Bc2 Nbd7 12. a4 Re8 13. Re1 Bf8 14. Bd3 c6 15. Qc2 g6 16. b3 Bg7 17. Bb2 Rc8 18. Rad1 Nh5 19. Bf1 Qc7 20. dxe5 Nxe5 21. c4 bxa4 22. bxa4 Rb8 23. c5 dxc5 24. Bxe5 Bxe5 25. Nxe5 Qxe5 26. Nc4 Qe7 27. Nd6 Red8 28. e5 Nf4 29. Qxc5 Ne6 30. Qa7 Qc7 31. Bc4 c5 32. Bxe6 fxe6 33. Rb1 Rd7 34. Rec1 Rbd8 35. Rxb7 Qc6 36. Rxd7 Rxd7 37. Qxc5 Qxa4 38. Qc8+ Kg7 39. Ne8+ Kh6 40. Nd6 Kg7 41. Qe8 Kh6 42. Qf8+ Kh5 43. Qf3+ Kh6 44. Nf7+ Kg7 45. Qf6+ 1-0


[Site "https://www.chess.com"]

[Event "Titled Tuesday Blitz March 21 Early 2023"]
[White "Bluebaum, Matthias"]
[Black "Samunenkov, Ihor"]
[WhiteFideId "24651516"]
[BlackFideId "14187086"]
[WhiteElo "2638"]
[BlackElo "2457"]
[Result "1-0"]
[Round "08"]
[TimeControl "180+2"]
[Date "2023.03.21"]
[WhiteClock "0:00:35"]
[BlackClock "0:00:02"]

1. d4 d5 2. c4 e6 3. Nc3 a6 4. cxd5 exd5 5. Bf4 Nf6 6. e3 Bd6 7. Bg5 c6 8. Bd3 O-O 9. Nge2 Re8 10. Qc2 h6 11. Bh4 a5 12. a3 Na6 13. h3 Nc7 14. O-O Ne6 15. Rad1 Be7 16. f3 b5 17. Bf2 b4 18. axb4 Bxb4 19. e4 dxe4 20. fxe4 Ba6 21. Bxa6 Rxa6 22. d5 cxd5 23. exd5 Ng5 24. Ng3 Bd6 25. Nf5 Be5 26. Rfe1 g6 27. Nxh6+ Kg7 28. Be3 Bxc3 29. Qxc3 Kxh6 30. h4 Ne4 31. Bxg5+ Nxg5 32. hxg5+ Kxg5 33. Re5+ Kh6 34. Rd3 Qb6+ 35. Kh1 Rxe5 36. Qxe5 Qf6 37. Qxf6 Rxf6 38. d6 1-0


[Site "https://www.chess.com"]

[Event "Titled Tuesday Blitz March 21 Early 2023"]
[White "Shimanov, Aleksandr"]
[Black "Cherniaiev, Tykhon"]
[WhiteFideId "4198603"]
[BlackFideId "14182360"]
[WhiteElo "2631"]
[BlackElo "2450"]
[Result "1-0"]
[Round "08"]
[TimeControl "180+2"]
[Date "2023.03.21"]
[WhiteClock "0:00:31"]
[BlackClock "0:00:03"]

1. e4 e5 2. Nf3 Nc6 3. Nc3 Nf6 4. h3 Bb4 5. Nd5 Bc5 6. c3 Nxd5 7. exd5 Ne7 8. Nxe5 d6 9. Nf3 O-O 10. d4 Bb6 11. c4 Re8 12. Be2 Nf5 13. b3 Qf6 14. Bb2 Ba5+ 15. Kf1 Bb6 16. Qd2 a5 17. g3 Qg6 18. Kg2 Bd7 19. Rae1 Re3 20. Bd1 Rd3 21. Qf4 a4 22. Bc2 Rxf3 23. Kxf3 axb3 24. Bxb3 h5 25. Kg2 Ba4 26. Re2 Bxb3 27. axb3 Ra2 28. Rhe1 Kh7 29. Kh2 Ba5 30. Ra1 Rxb2 31. Rxb2 Bc3 32. Raa2 Nxd4 33. Re2 Qd3 34. Qe4+ Qxe4 35. Rxe4 Nf3+ 36. Kg2 Nd2 37. Rxd2 Bxd2 38. Re7 Ba5 39. Rxf7 Kg6 40. Rf8 Bb6 41. f4 Bd4 42. g4 hxg4 43. hxg4 Bb6 44. Kf3 Ba5 45. g5 c6 46. Kg4 cxd5 47. f5+ Kh7 48. g6+ Kh6 49. Rg8 Bc3 50. Rh8# 1-0


[Site "https://www.chess.com"]

[Event "Titled Tuesday Blitz March 21 Early 2023"]
[White "Deac, Bogdan-Daniel"]
[Black "Harshavardhan G B"]
[WhiteFideId "1226380"]
[BlackFideId "25059009"]
[WhiteElo "2649"]
[BlackElo "2323"]
[Result "1-0"]
[Round "08"]
[TimeControl "180+2"]
[Date "2023.03.21"]
[WhiteClock "0:00:03"]
[BlackClock "0:00:18"]

1. b3 e5 2. Bb2 Nc6 3. Nf3 e4 4. Nd4 Nxd4 5. Bxd4 d5 6. e3 Nf6 7. c4 Be7 8. Nc3 c6 9. cxd5 cxd5 10. Be2 O-O 11. O-O Be6 12. f3 exf3 13. Bxf3 Rc8 14. Qe1 Bc5 15. Bxf6 Qxf6 16. Bxd5 Qe7 17. Bxe6 Qxe6 18. Kh1 Rfd8 19. Rd1 h6 20. e4 Bd4 21. Nd5 Rc2 22. a4 Rdc8 23. Qe2 Rb2 24. Qd3 Be5 25. Qe3 Rcc2 26. a5 a6 27. Qd3 Qd6 28. g3 f6 29. b4 Kh8 30. Rf3 Qd7 31. Kg2 Ra2 32. Rf2 Rcb2 33. Re1 Qc6 34. h4 Kh7 35. h5 Kh8 36. Rd1 Kh7 37. Qf3 Qe6 38. g4 Bd4 39. Re2 Qe5 40. Qf5+ Qxf5 41. gxf5 Kg8 42. Kf3 Kf7 43. Rc1 Be5 44. Rc8 Rb3+ 45. Re3 Rb1 46. Rd3 Rh1 47. Ne3 Rh3+ 48. Kg2 Rh2+ 49. Kf3 Ra1 50. Rd7# 1-0


[Site "https://www.chess.com"]

[Event "Titled Tuesday Blitz March 21 Early 2023"]
[White "Kramnik, Vladimir"]
[Black "Skvortsov, Andrei"]
[WhiteFideId "4101588"]
[BlackFideId "24108600"]
[WhiteElo "2712"]
[BlackElo "2259"]
[Result "1-0"]
[Round "08"]
[TimeControl "180+2"]
[Date "2023.03.21"]
[WhiteClock "0:00:47"]
[BlackClock "0:00:04"]

1. e4 c5 2. Nf3 d6 3. d4 Nf6 4. Nc3 cxd4 5. Nxd4 g6 6. Be3 Bg7 7. f3 O-O 8. Qd2 d5 9. e5 Ne8 10. f4 f6 11. exf6 Nxf6 12. O-O-O Ng4 13. Bg1 Rxf4 14. Nf3 Bh6 15. Kb1 Rxf3 16. Qxd5+ Qxd5 17. Nxd5 Rxf1 18. Nxe7+ Kf7 19. Rxf1+ Kxe7 20. Bc5+ Kd7 21. Rf7+ Kc6 22. Bd4 Be3 23. Bc3 Nd7 24. Re1 Bc5 25. h3 Ne3 26. Rxh7 a5 27. g4 Nb6 28. Rg7 Nbd5 29. Rxg6+ Kb5 30. Bd2 Nc4 31. a4+ Kxa4 32. b3+ Kb5 33. bxc4+ Kxc4 34. Re4+ Kb5 35. Re5 Kc4 36. Rgg5 Be7 37. Rh5 Nf6 38. Rh8 b6 39. Rxe7 1-0


[Site "https://www.chess.com"]

[Event "Titled Tuesday Blitz March 21 Early 2023"]
[White "Dehtiarov, Roman"]
[Black "Makarian, Rudik"]
[WhiteFideId "14186640"]
[BlackFideId "44105681"]
[WhiteElo "2162"]
[BlackElo "2436"]
[Result "0-1"]
[Round "08"]
[TimeControl "180+2"]
[Date "2023.03.21"]
[WhiteClock "0:00:31"]
[BlackClock "0:00:07"]

1. e4 c5 2. Nc3 Nc6 3. f4 e6 4. Nf3 d5 5. Bb5 Ne7 6. d3 a6 7. Bxc6+ Nxc6 8. O-O Be7 9. Qe2 O-O 10. Bd2 b5 11. e5 Bb7 12. Qf2 Rc8 13. Ne2 d4 14. Ng3 Qd7 15. Rae1 c4 16. Ne4 cxd3 17. cxd3 Nb4 18. Bxb4 Bxb4 19. Rc1 Bxe4 20. dxe4 d3 21. Rfd1 Rxc1 22. Rxc1 Rc8 23. Qf1 Rxc1 24. Qxc1 d2 25. Qd1 Bc5+ 26. Kh1 Be3 27. g3 h6 28. Kg2 Qd3 29. f5 exf5 30. exf5 Qxf5 31. Kf1 Qd3+ 32. Kg2 Qc4 33. e6 Qxe6 34. b3 Qc6 35. Kf1 Qe4 36. Nxd2 Qd3+ 37. Ke1 Bxd2+ 38. Qxd2 Qxd2+ 39. Kxd2 f5 40. Kd3 Kf7 41. Kd4 g5 42. a4 bxa4 43. bxa4 Ke6 44. a5 Kd6 45. h4 Ke6 46. hxg5 hxg5 47. Kc5 f4 48. gxf4 gxf4 49. Kd4 Kf5 50. Kd3 Kg4 51. Ke2 Kg3 52. Kf1 Kf3 0-1


[Site "https://www.chess.com"]

[Event "Titled Tuesday Blitz March 21 Early 2023"]
[White "Krysa, Leandro"]
[Black "Ter-Sahakyan, Samvel"]
[WhiteFideId "116807"]
[BlackFideId "13302531"]
[WhiteElo "2485"]
[BlackElo "2566"]
[Result "1-0"]
[Round "08"]
[TimeControl "180+2"]
[Date "2023.03.21"]
[WhiteClock "0:00:06"]
[BlackClock "0:00:01"]

1. e4 c5 2. Nf3 e6 3. d4 cxd4 4. Nxd4 Nf6 5. Nc3 Nc6 6. a3 d6 7. Be2 Be7 8. Be3 O-O 9. f4 Bd7 10. Ndb5 Qb8 11. Qd2 a6 12. Nd4 b5 13. O-O Rc8 14. Rad1 Qc7 15. Kh1 Rab8 16. Bd3 Nxd4 17. Bxd4 e5 18. Be3 exf4 19. Bxf4 Be6 20. Bg5 Ng4 21. Bxe7 Qxe7 22. Qf4 Ne5 23. Ne2 Bg4 24. Rd2 Bxe2 25. Bxe2 a5 26. Rfd1 Rc6 27. c3 g6 28. h3 Rbb6 29. Rd5 Rc5 30. Rxc5 dxc5 31. Rd5 f6 32. Qe3 Nd7 33. b4 axb4 34. axb4 Re6 35. Bxb5 Rxe4 36. Qd2 Ne5 37. bxc5 Kg7 38. c6 Qc7 39. Rd7+ Nxd7 40. cxd7 Qd8 41. c4 Re5 42. Qd6 Kf7 43. c5 Kg7 44. c6 Qb6 45. Qd1 1-0


[Site "https://www.chess.com"]

[Event "Titled Tuesday Blitz March 21 Early 2023"]
[White "Indjic, Aleksandar"]
[Black "Karthik Rajaa"]
[WhiteFideId "911925"]
[BlackFideId "25035215"]
[WhiteElo "2614"]
[BlackElo "2215"]
[Result "1-0"]
[Round "08"]
[TimeControl "180+2"]
[Date "2023.03.21"]
[WhiteClock "0:01:05"]
[BlackClock "0:00:09"]

1. d4 Nf6 2. c4 g6 3. Nc3 Bg7 4. Nf3 O-O 5. h3 d6 6. g4 c5 7. d5 e6 8. Bg2 exd5 9. cxd5 Re8 10. Nd2 Nbd7 11. O-O Rb8 12. a4 a6 13. a5 b5 14. axb6 Nxb6 15. g5 Nfd7 16. Nde4 Ne5 17. Bf4 Nbc4 18. b3 Na5 19. Rxa5 Qxa5 20. Nxd6 Rd8 21. Nce4 Bf5 22. Nf6+ Bxf6 23. gxf6 Rxd6 24. Bxe5 Rbd8 25. Qc1 Qb6 26. Qg5 h6 27. Qxh6 Rxf6 28. e4 Bc8 29. Qh4 Rdd6 30. Kh2 Qd8 31. f4 Kg7 32. Rc1 1-0


[Site "https://www.chess.com"]

[Event "Titled Tuesday Blitz March 21 Early 2023"]
[White "Navara, David"]
[Black "Amilal Munkhdalai"]
[WhiteFideId "309095"]
[BlackFideId "4903250"]
[WhiteElo "2675"]
[BlackElo "2293"]
[Result "1-0"]
[Round "08"]
[TimeControl "180+2"]
[Date "2023.03.21"]
[WhiteClock "0:00:09"]
[BlackClock "0:01:08"]

1. Nf3 Nf6 2. c4 e6 3. e3 b6 4. b3 Bb7 5. Bb2 Be7 6. Nc3 O-O 7. Qc2 d5 8. cxd5 Nxd5 9. a3 Nxc3 10. Bxc3 Bf6 11. Be2 Nd7 12. O-O c5 13. Rfd1 Rc8 14. b4 Bxc3 15. dxc3 Qc7 16. Qa4 Bc6 17. b5 Ba8 18. Qf4 Nf6 19. Qxc7 Rxc7 20. c4 Rcc8 21. Ne5 Rfd8 22. f3 Kf8 23. a4 Ke7 24. Rxd8 Rxd8 25. a5 Nd7 26. axb6 Nxe5 27. Rxa7+ Kf6 28. f4 Ng6 29. b7 Bxb7 30. Rxb7 Nh4 31. Rc7 Rd2 32. Kf2 Nf5 33. Rxc5 Nd6 34. Kf3 Rc2 35. b6 Rb2 36. Rc6 Nf5 37. c5 Rb3 38. Kf2 Nxe3 39. b7 Nd5 40. Rb6 Nxb6 41. b8=Q 1-0


[Site "https://www.chess.com"]